[Event "GER-ch Youth U12W 2020"]
[Site "Willingen"]
[Date "2020.10.27"]
[Round "1.1"]
[White "Bangiev, Katharina"]
[Black "Braeutigam, Katerina"]
[Result "0-1"]
[ECO "B18"]
[WhiteElo "1539"]
[BlackElo "1744"]
[Annotator "NA"]
[PlyCount "98"]
[EventDate "2020.10.27"]
[EventType "swiss"]
[EventRounds "7"]
[EventCountry "GER"]
[SourceTitle "playchess.com"]
[Source "ChessBase"]
[SourceQuality "1"]
[TimeControl "40/5400+30:1800+30"]

1. e4 c6 2. d4 d5 3. Nc3 dxe4 4. Nxe4 Bf5 5. Nc3 e6 6. Nf3 Nf6 7. g3 Nbd7 8. Bg2 Be7 9. O-O O-O 10. Ne2 Nb6 11. b3 Nfd5 12. c4 Nb4 13. Ba3 a5 14. Bxb4 axb4 15. Qd2 Qc7 16. Ne5 Rfd8 17. Qe3 Ra3 18. c5 Nd5 19. Bxd5 cxd5 20. Qd2 Rda8 21. Qxb4 f6 22. Nf3 Bg4 23. Kg2 Bxf3+ 24. Kxf3 Rxa2 25. Rxa2 Rxa2 26. Nc3 Ra8 27. Nb5 Qc6 28. Nd6 Bxd6 29. cxd6 Rd8 30. Qc5 Rxd6 31. b4 Qxc5 32. bxc5 Rc6 33. Rb1 Rc7 34. Rb6 Kf7 35. Ke3 Re7 36. f4 Kg6 37. c6 bxc6 38. Rxc6 Kf5 39. h3 h5 40. Kf3 g5 41. g4+ hxg4+ 42. hxg4+ Kg6 43. Rd6 gxf4 44. Kxf4 Kf7 45. Kf3 Ra7 46. Kf4 Ra4 47. Ke3 Ra3+ 48. Kf4 Rd3 49. Rd7+ Kg6 0-1

[Event "GER-ch Youth U12W 2020"]
[Site "Willingen"]
[Date "2020.10.27"]
[Round "1.2"]
[White "Trunz, Michelle"]
[Black "Siegel, Irene"]
[Result "1-0"]
[ECO "D60"]
[WhiteElo "1662"]
[BlackElo "1380"]
[Annotator "NA RC"]
[PlyCount "111"]
[EventDate "2020.10.27"]
[EventType "swiss"]
[EventRounds "7"]
[EventCountry "GER"]
[SourceTitle "playchess.com"]
[Source "ChessBase"]
[SourceQuality "1"]
[TimeControl "40/5400+30:1800+30"]

1. d4 d5 2. c4 e6 3. Nc3 Nf6 4. Bg5 Be7 5. e3 O-O 6. Nf3 Nbd7 7. Bd3 b6 8. O-O Bb7 9. Rc1 h6 10. Bh4 Rc8 11. Qe2 Re8 12. Rfd1 c5 13. cxd5 exd5 14. Bf5 Ra8 15. dxc5 bxc5 16. Qb5 Nb6 17. Bxf6 Bxf6 18. Qxc5 Be7 19. Qd4 Qb8 20. Nb5 Bd8 21. b3 a6 22. Nc3 Bc7 23. Rc2 Be5 24. Qxb6 d4 25. exd4 Bxf3 26. Qxb8 Bxd1 27. Qxa8 Rxa8 28. Nxd1 Rd8 29. Rc8 Rxc8 30. Bxc8 Bxd4 31. Bxa6 Kf8 32. Kf1 Ke7 33. Ke2 Kd6 34. Ne3 Kc5 35. Bc4 f6 36. Nf5 Be5 37. Nxg7 Bxh2 38. g3 Kb4 39. Nf5 h5 40. Kf1 Ka3 41. Kg2 Bxg3 42. Kxg3 Kxa2 43. b4+ Ka3 44. b5 Kb4 45. b6 Kxc4 46. b7 h4+ 47. Nxh4 f5 48. b8=Q f4+ 49. Kxf4 Kc3 50. Qe5+ Kc4 51. Ke3 Kb3 52. Qc5 Kb2 53. Qc4 Kb1 54. Qe2 Kc1 55. Qa2 Kd1 56. Qd2# 1-0

[Event "GER-ch Youth U12W 2020"]
[Site "Willingen"]
[Date "2020.10.27"]
[Round "1.3"]
[White "Rodermel, Leonie"]
[Black "Peglau, Charis"]
[Result "0-1"]
[ECO "B19"]
[WhiteElo "1370"]
[BlackElo "1768"]
[Annotator "NA RC"]
[PlyCount "66"]
[EventDate "2020.10.27"]
[EventType "swiss"]
[EventRounds "7"]
[EventCountry "GER"]
[SourceTitle "playchess.com"]
[Source "ChessBase"]
[SourceQuality "1"]
[TimeControl "40/5400+30:1800+30"]

1. e4 c6 2. d4 d5 3. Nc3 dxe4 4. Nxe4 Bf5 5. Ng3 Bg6 6. h4 h6 7. Nf3 Nd7 8. h5 Bh7 9. Bd3 Bxd3 10. Qxd3 Ngf6 11. Bd2 e6 12. Ne4 Nxe4 13. Qxe4 Nf6 14. Qd3 Qc7 15. g3 Bd6 16. O-O-O O-O-O 17. Qe2 Rhe8 18. Ne5 c5 19. Nf3 Kb8 20. Rh4 Ka8 21. dxc5 Bxc5 22. Bc3 Rxd1+ 23. Kxd1 Qb6 24. Ke1 Be7 25. Qe5 Nd5 26. Rc4 Bf6 27. Qe4 Nxc3 28. bxc3 Qb1+ 29. Ke2 Qxa2 30. Ra4 Qd5 31. Rxa7+ Kxa7 32. Qa4+ Kb6 33. Qxe8 Qe4+ 0-1

[Event "GER-ch Youth U12W 2020"]
[Site "Willingen"]
[Date "2020.10.27"]
[Round "1.4"]
[White "Peglau, Dora"]
[Black "Margaryan, Venera"]
[Result "1-0"]
[ECO "C10"]
[WhiteElo "1683"]
[BlackElo "1457"]
[Annotator "NA RC"]
[PlyCount "63"]
[EventDate "2020.10.27"]
[EventType "swiss"]
[EventRounds "7"]
[EventCountry "GER"]
[SourceTitle "playchess.com"]
[Source "ChessBase"]
[SourceQuality "1"]
[TimeControl "40/5400+30:1800+30"]

1. e4 e6 2. d4 d5 3. Nc3 c6 4. Nf3 Nd7 5. Bd3 Be7 6. O-O Qc7 7. Re1 a6 8. Qe2 dxe4 9. Nxe4 Ngf6 10. Nxf6+ Bxf6 11. Ng5 Nb6 12. c3 Nd5 13. Qf3 h6 14. Ne4 Be7 15. Qg4 Bf8 16. Bc4 Ne7 17. Bf4 e5 18. Bxe5 Qxe5 19. Qxc8+ Rxc8 20. dxe5 Nf5 21. Rad1 Be7 22. Nd6+ Bxd6 23. exd6+ Kf8 24. g4 Nh4 25. Re7 f6 26. Rf7+ Kg8 27. Rxb7+ Kh7 28. Bd3+ Kg8 29. Rc7 Rxc7 30. dxc7 Kf7 31. Bxa6 Nf3+ 32. Kg2 1-0

[Event "GER-ch Youth U12W 2020"]
[Site "Willingen"]
[Date "2020.10.27"]
[Round "1.6"]
[White "Wilmink, Anna"]
[Black "Bako, Evelin"]
[Result "1-0"]
[ECO "C24"]
[WhiteElo "1608"]
[BlackElo "1192"]
[Annotator "NA"]
[PlyCount "163"]
[EventDate "2020.10.27"]
[EventType "swiss"]
[EventRounds "7"]
[EventCountry "GER"]
[SourceTitle "playchess.com"]
[Source "ChessBase"]
[SourceQuality "1"]
[TimeControl "40/5400+30:1800+30"]

1. e4 e5 2. Bc4 Nf6 3. d4 Nxe4 4. dxe5 Bc5 5. Qd5 Bxf2+ 6. Kf1 O-O 7. Qxe4 Bxg1 8. Kxg1 c6 9. Be3 d5 10. exd6 Re8 11. Qf3 Be6 12. Bxe6 Rxe6 13. Nc3 Qxd6 14. Rd1 Qe7 15. Bf2 Nd7 16. g3 Ne5 17. Qg2 Re8 18. Qf1 Qg5 19. Qe2 Ng4 20. Qd2 Qe7 21. Kg2 Rf6 22. Rhe1 Qf8 23. Bc5 Rxe1 24. Rxe1 Qc8 25. Rd1 Re6 26. Qd8+ Re8 27. Qxc8 Rxc8 28. Bxa7 c5 29. Nd5 Kf8 30. Re1 f6 31. Nf4 Ne5 32. Ne6+ Kf7 33. Nxc5 Ra8 34. Bb6 Nc4 35. Bc7 Rc8 36. Ne6 Re8 37. Re4 Nxb2 38. Nc5 Rc8 39. Bd6 b6 40. Rb4 bxc5 41. Rxb2 g5 42. c4 Ke6 43. Rd2 Rc6 44. Bb8 Rc8 45. Ba7 Rc7 46. Bb6 Rc6 47. Ba5 Ra6 48. Bc3 Ra3 49. Re2+ Kf7 50. Be1 Ra4 51. Rc2 Ke6 52. Bf2 Kd6 53. Kf3 f5 54. h4 h6 55. hxg5 hxg5 56. Be3 f4 57. gxf4 gxf4 58. Bxf4+ Kc6 59. Bc1 Kd6 60. Ke4 Kc6 61. a3 Kd6 62. Kd3 Kc6 63. Kc3 Kd6 64. Kb3 Ra5 65. a4 Kc6 66. Bd2 Ra6 67. a5 Kd6 68. Ka4 Kc6 69. Rc1 Ra7 70. Rh1 Rd7 71. Bc3 Kb7 72. Kb5 Rc7 73. Be5 Rc8 74. Rh7+ Ka8 75. Rh8 Rxh8 76. Bxh8 Kb7 77. Kxc5 Ka6 78. Bc3 Kb7 79. Kd6 Kc8 80. c5 Kb7 81. Kd7 Kb8 82. c6 1-0

[Event "GER-ch Youth U12W 2020"]
[Site "Willingen"]
[Date "2020.10.27"]
[Round "1.7"]
[White "Hoffmann, Sophia"]
[Black "Wartenberg, Alissa"]
[Result "0-1"]
[ECO "D02"]
[WhiteElo "1345"]
[BlackElo "1463"]
[Annotator "NA RC"]
[PlyCount "52"]
[EventDate "2020.10.27"]
[EventType "swiss"]
[EventRounds "7"]
[EventCountry "GER"]
[SourceTitle "playchess.com"]
[Source "ChessBase"]
[SourceQuality "1"]
[TimeControl "40/5400+30:1800+30"]

1. d4 d5 2. Nf3 Nf6 3. Bf4 e6 4. e3 c5 5. c3 Nc6 6. Nbd2 Bd6 7. Bg3 a6 8. Bd3 b6 9. e4 dxe4 10. Nxe4 Bxg3 11. hxg3 cxd4 12. Nxf6+ Qxf6 13. Qa4 Bd7 14. Be4 b5 15. Qc2 dxc3 16. bxc3 Rc8 17. O-O-O Nb4 18. Qd2 Qxc3+ 19. Kb1 Qxd2 20. Rxd2 Bc6 21. Bd3 Nxd3 22. Nd4 Be4 23. f3 Nf2+ 24. fxe4 Nxh1 25. g4 Ng3 26. Rd3 Nxe4 0-1

[Event "GER-ch Youth U12W 2020"]
[Site "Willingen"]
[Date "2020.10.27"]
[Round "1.8"]
[White "Eichhorn, Mathilda"]
[Black "Khanbekyan, Nare"]
[Result "0-1"]
[ECO "C54"]
[WhiteElo "1560"]
[BlackElo "1329"]
[Annotator "NA RC"]
[PlyCount "122"]
[EventDate "2020.10.27"]
[EventType "swiss"]
[EventRounds "7"]
[EventCountry "GER"]
[SourceTitle "playchess.com"]
[Source "ChessBase"]
[SourceQuality "1"]
[TimeControl "40/5400+30:1800+30"]

1. e4 e5 2. Nf3 Nc6 3. Bc4 Bc5 4. c3 Nf6 5. d4 exd4 6. cxd4 Bb4+ 7. Bd2 Bxd2+ 8. Nbxd2 Nxe4 9. Bxf7+ Kxf7 10. Nxe4 Re8 11. O-O Rxe4 12. d5 Ne5 13. d6 Kg8 14. Qd5+ Nf7 15. Qxe4 Nxd6 16. Qd5+ Kf8 17. Rfe1 Qf6 18. Ng5 Qg6 19. Qf3+ Kg8 20. Nf7 Qxf7 21. Qxf7+ Kxf7 22. Re2 b6 23. Rae1 a5 24. Re3 b5 25. b3 g6 26. Rc1 Nf5 27. Rf3 Bb7 28. Rf4 Rc8 29. g4 Kf6 30. gxf5 gxf5 31. Rc5 Be4 32. Rxb5 Rg8+ 33. Kf1 Bd3+ 34. Ke1 Bxb5 35. Rd4 Re8+ 36. Kd1 Re2 37. a4 Ba6 38. Rxd7 Rxf2 39. Rxc7 Be2+ 40. Ke1 Rxh2 41. Rc2 Rh1+ 42. Kxe2 Rb1 43. Rc3 Kg5 44. Rc5 Rxb3 45. Rxa5 Ra3 46. Kf2 Kg4 47. Kg2 h5 48. Ra8 h4 49. a5 h3+ 50. Kh2 Ra2+ 51. Kh1 Kg3 52. Rg8+ Kf3 53. Rh8 Ra1+ 54. Kh2 Ra2+ 55. Kh1 Rxa5 56. Rxh3+ Kg4 57. Rc3 f4 58. Kg1 Ra2 59. Kf1 f3 60. Re3 Kg3 61. Rd3 Ra1+ 0-1

[Event "GER-ch Youth U12W 2020"]
[Site "Willingen"]
[Date "2020.10.27"]
[Round "1.9"]
[White "Flierl, Veronika"]
[Black "Jacobasch, Ronja"]
[Result "0-1"]
[ECO "B06"]
[WhiteElo "1404"]
[BlackElo "1549"]
[Annotator "NA"]
[PlyCount "102"]
[EventDate "2020.10.27"]
[EventType "swiss"]
[EventRounds "7"]
[EventCountry "GER"]
[SourceTitle "playchess.com"]
[Source "ChessBase"]
[SourceQuality "1"]
[TimeControl "40/5400+30:1800+30"]

1. e4 d6 2. d4 g6 3. Nc3 Bg7 4. Be3 Nf6 5. f3 O-O 6. Qd2 a6 7. O-O-O b5 8. Bh6 Nbd7 9. h4 c5 10. Nce2 c4 11. g4 a5 12. Ng3 Qc7 13. Bxg7 Kxg7 14. h5 Rh8 15. Qg5 Nb6 16. Qxb5 h6 17. Bxc4 Nxc4 18. Qb3 Rb8 19. Qc3 Rb7 20. b3 Na3 21. Qb2 Nb5 22. e5 Nd5 23. N1e2 Kh7 24. Kb1 Ndc3+ 25. Ka1 Nxd1 26. hxg6+ fxg6 27. Qc1 Kg7 28. Qxd1 dxe5 29. Qd3 Rd8 30. Qd2 g5 31. Nh5+ Kf8 32. Qd3 Nxd4 33. Qg6 Nxe2 34. Qxh6+ Kf7 35. Qg7+ Ke6 36. Qg6+ Kd5 37. Qe4+ Kc5 38. Qe3+ Nd4 39. Qc3+ Kd6 40. Qd3 Kc6 41. Qa6+ Qb6 42. Qc4+ Qc5 43. Qa6+ Rb6 44. Qa8+ Kc7 45. Qa7+ Bb7 46. Ng7 Qc3+ 47. Kb1 Qxc2+ 48. Ka1 Ra8 49. Ne8+ Rxe8 50. Qxa5 Nxb3+ 51. axb3 Ra8 0-1

[Event "GER-ch Youth U12W 2020"]
[Site "Willingen"]
[Date "2020.10.27"]
[Round "1.10"]
[White "Haug, Mara"]
[Black "Czäczine, Laura"]
[Result "1-0"]
[ECO "C56"]
[WhiteElo "1366"]
[BlackElo "1309"]
[Annotator "NA RC"]
[PlyCount "123"]
[EventDate "2020.10.27"]
[EventType "swiss"]
[EventRounds "7"]
[EventCountry "GER"]
[SourceTitle "playchess.com"]
[Source "ChessBase"]
[SourceQuality "1"]
[TimeControl "40/5400+30:1800+30"]

1. e4 e5 2. Nf3 Nc6 3. Bc4 Nf6 4. d4 exd4 5. O-O Nxe4 6. Re1 d5 7. Bxd5 Qxd5 8. Nc3 Qh5 9. Nxe4 Be6 10. Bg5 Bd6 11. Nxd6+ cxd6 12. Bf4 Qd5 13. c3 O-O 14. Nxd4 Nxd4 15. Qxd4 Qxd4 16. cxd4 Rfd8 17. b3 Rac8 18. Rac1 d5 19. h3 h6 20. a4 g5 21. Bd2 a6 22. f4 gxf4 23. Bxf4 Kh7 24. Rf1 Rg8 25. Kh2 Rge8 26. Bd6 Rxc1 27. Rxc1 Rc8 28. Rxc8 Bxc8 29. Kg3 Kg6 30. Kf4 Kf6 31. g4 a5 32. Bc7 Kg6 33. Bxa5 h5 34. Bd8 f5 35. g5 Bd7 36. h4 b5 37. axb5 Bxb5 38. Bc7 Ba6 39. Ke5 Bb7 40. Ke6 Ba8 41. b4 Bb7 42. b5 Ba8 43. Bf4 Bb7 44. Kd7 Ba8 45. Kc7 Kf7 46. b6 Kg7 47. b7 Bxb7 48. Kxb7 Kf7 49. Kc6 Ke6 50. Kc5 Ke7 51. Kxd5 Kd7 52. Kc5 Ke7 53. Kc6 Ke8 54. Kc7 Ke7 55. d5 Kf7 56. d6 Ke6 57. d7 Kd5 58. d8=Q+ Ke4 59. Qd2 Kf3 60. Qe3+ Kg2 61. Qg3+ Kh1 62. Qh2# 1-0

[Event "GER-ch Youth U12W 2020"]
[Site "Willingen"]
[Date "2020.10.27"]
[Round "1.11"]
[White "Steinlechner, Katja"]
[Black "Schwenke, Mia"]
[Result "1/2-1/2"]
[ECO "D53"]
[WhiteElo "1366"]
[BlackElo "1265"]
[Annotator "NA RC"]
[PlyCount "56"]
[EventDate "2020.10.27"]
[EventType "swiss"]
[EventRounds "7"]
[EventCountry "GER"]
[SourceTitle "playchess.com"]
[Source "ChessBase"]
[SourceQuality "1"]
[TimeControl "40/5400+30:1800+30"]

1. d4 d5 2. c4 e6 3. Nc3 Nf6 4. Bg5 Be7 5. e3 c6 6. Nf3 O-O 7. cxd5 exd5 8. Bd3 Nbd7 9. O-O Re8 10. Qc2 Nf8 11. Rab1 a5 12. a3 Bd6 13. h3 b6 14. b4 axb4 15. axb4 b5 16. Rfc1 Bb7 17. Qb3 N8d7 18. Rc2 Qb6 19. Rbc1 Ra7 20. Qb2 Qa6 21. Qa2 Bxb4 22. Qxa6 Rxa6 23. Bxf6 Nxf6 24. Nxb5 Rb6 25. Na7 Ba3 26. Ra1 Bd6 27. Rac1 Ba3 28. Ra1 Bd6 1/2-1/2

[Event "GER-ch Youth U12W 2020"]
[Site "Willingen"]
[Date "2020.10.27"]
[Round "1.12"]
[White "Moldovan, Tatiana"]
[Black "Rosin, Ida"]
[Result "0-1"]
[ECO "B47"]
[WhiteElo "1516"]
[BlackElo "1387"]
[Annotator "NA RC"]
[PlyCount "70"]
[EventDate "2020.10.27"]
[EventType "swiss"]
[EventRounds "7"]
[EventCountry "GER"]
[SourceTitle "playchess.com"]
[Source "ChessBase"]
[SourceQuality "1"]
[TimeControl "40/5400+30:1800+30"]

1. e4 c5 2. Nc3 e6 3. Nf3 Nc6 4. d4 cxd4 5. Nxd4 Qc7 6. Ndb5 Qb8 7. Be2 a6 8. Nd4 Bd6 9. Nxc6 bxc6 10. g3 Nf6 11. f4 Bc7 12. e5 Nd5 13. Ne4 O-O 14. Qd3 Nb4 15. Qd2 Ba5 16. c3 Nd5 17. Qd3 f5 18. exf6 Nxf6 19. Nxf6+ Rxf6 20. b4 Bb6 21. Bb2 a5 22. a3 Ba6 23. c4 Rf7 24. Bh5 Rf5 25. g4 Rxf4 26. Rf1 Bxc4 27. Qc3 Rxf1+ 28. Kd2 Qd6+ 29. Kc2 Rf2+ 30. Kc1 Rxb2 31. Kxb2 Bd4 32. Kc2 Bxc3 33. Kxc3 Qd3+ 34. Kb2 Qd2+ 35. Kb1 Bd3# 0-1

[Event "GER-ch Youth U12W 2020"]
[Site "Willingen"]
[Date "2020.10.27"]
[Round "1.13"]
[White "Glotz, Diana"]
[Black "Stepanjan, Marianne"]
[Result "1-0"]
[ECO "A22"]
[WhiteElo "1098"]
[BlackElo "1351"]
[Annotator "NA RC"]
[PlyCount "81"]
[EventDate "2020.10.27"]
[EventType "swiss"]
[EventRounds "7"]
[EventCountry "GER"]
[SourceTitle "playchess.com"]
[Source "ChessBase"]
[SourceQuality "1"]
[TimeControl "40/5400+30:1800+30"]

1. c4 e5 2. Nc3 Nf6 3. g3 d5 4. cxd5 Nxd5 5. Bg2 Be6 6. e3 c5 7. Nge2 Nc6 8. d4 exd4 9. exd4 c4 10. a3 Be7 11. Be3 O-O 12. O-O a6 13. a4 Na5 14. Nc1 Qd7 15. Bd2 Nc6 16. Be3 Na5 17. Qf3 Nb4 18. Qd1 Nd3 19. Nxd3 cxd3 20. d5 Bf5 21. Ne4 Nc4 22. b3 Nb2 23. Qd2 Bxe4 24. Bxe4 Bf6 25. Rab1 Qe7 26. Bxd3 Nxd3 27. Qxd3 Rfd8 28. Rfd1 Be5 29. Qe4 Rac8 30. Bf4 Bf6 31. Qxe7 Bxe7 32. d6 Bf6 33. d7 Rc3 34. Rbc1 Rxc1 35. Bxc1 Be7 36. Bf4 Ra8 37. Rc1 Rd8 38. Rc8 f6 39. Bc7 Kf7 40. Bxd8 Bxd8 41. Rxd8 1-0

[Event "GER-ch Youth U12W 2020"]
[Site "Willingen"]
[Date "2020.10.27"]
[Round "1.14"]
[White "Arnold, Rubina"]
[Black "Pröttel, Ela"]
[Result "1-0"]
[ECO "A06"]
[WhiteElo "1414"]
[BlackElo "1229"]
[Annotator "NA RC"]
[PlyCount "73"]
[EventDate "2020.10.27"]
[EventType "swiss"]
[EventRounds "7"]
[EventCountry "GER"]
[SourceTitle "playchess.com"]
[Source "ChessBase"]
[SourceQuality "1"]
[TimeControl "40/5400+30:1800+30"]

1. Nf3 d5 2. c4 Nf6 3. b3 Bf5 4. Bb2 e6 5. g3 c6 6. Bg2 Nbd7 7. O-O Bd6 8. d4 O-O 9. Nbd2 Ne4 10. Re1 Ndf6 11. Nxe4 Nxe4 12. Nd2 Nxd2 13. Qxd2 Rc8 14. f3 dxc4 15. e4 Bg6 16. bxc4 Qc7 17. Rac1 Rfd8 18. f4 h6 19. e5 Bf8 20. Kh1 Rd7 21. d5 Rcd8 22. d6 Qc8 23. Bd4 Qb8 24. Qf2 a6 25. Bb6 Re8 26. Re2 Kh8 27. Rb2 Bh7 28. Bc7 Qa8 29. Qb6 g5 30. Qxb7 Qxb7 31. Rxb7 Rc8 32. Bxc6 Be4+ 33. Bxe4 f6 34. Bc6 Rg7 35. d7 Ra8 36. d8=Q Rxd8 37. Bxd8 1-0

[Event "GER-ch Youth U12W 2020"]
[Site "Willingen"]
[Date "2020.10.27"]
[Round "1.15"]
[White "Moldovan, Stela"]
[Black "Müller, Riyanna"]
[Result "1-0"]
[ECO "C88"]
[WhiteElo "1219"]
[BlackElo "1460"]
[Annotator "NA RC"]
[PlyCount "65"]
[EventDate "2020.10.27"]
[EventType "swiss"]
[EventRounds "7"]
[EventCountry "GER"]
[SourceTitle "playchess.com"]
[Source "ChessBase"]
[SourceQuality "1"]
[TimeControl "40/5400+30:1800+30"]

1. e4 e5 2. Nf3 Nc6 3. Bb5 a6 4. Ba4 Nf6 5. O-O b5 6. Bb3 Be7 7. Re1 d6 8. c3 Bg4 9. h3 Bh5 10. d3 O-O 11. Bg5 Nd7 12. Bxe7 Qxe7 13. Nbd2 Nc5 14. Bd5 Qd7 15. d4 exd4 16. cxd4 Nd3 17. Rc1 Nxd4 18. Bxa8 Nxc1 19. Qxc1 Nxf3+ 20. Nxf3 Rxa8 21. Qf4 Bxf3 22. Qxf3 Re8 23. Qa3 Qc6 24. f3 f5 25. Qe3 d5 26. Rc1 Qd6 27. Qb3 fxe4 28. fxe4 Rxe4 29. Rd1 c6 30. Qc2 Qe6 31. Qf2 a5 32. Rf1 Qc8 33. Qf7+ 1-0

[Event "GER-ch Youth U12W 2020"]
[Site "Willingen"]
[Date "2020.10.27"]
[Round "1.16"]
[White "Reich, Elisabeth"]
[Black "Heutling, Sarah"]
[Result "1-0"]
[ECO "C00"]
[WhiteElo "1128"]
[BlackElo "1197"]
[Annotator "NA RC"]
[PlyCount "63"]
[EventDate "2020.10.27"]
[EventType "swiss"]
[EventRounds "7"]
[EventCountry "GER"]
[SourceTitle "playchess.com"]
[Source "ChessBase"]
[SourceQuality "1"]
[TimeControl "40/5400+30:1800+30"]

1. e4 e6 2. d3 c5 3. Nd2 Nc6 4. Ngf3 g6 5. g3 Bg7 6. Bg2 Nge7 7. O-O O-O 8. Rb1 d6 9. b3 Rb8 10. Bb2 e5 11. a4 a6 12. Nc4 b5 13. axb5 axb5 14. Ne3 Bb7 15. c3 b4 16. c4 Nd4 17. Nxd4 cxd4 18. Nd5 Nxd5 19. exd5 Re8 20. f4 exf4 21. Rxf4 g5 22. Re4 f5 23. Re1 Qf6 24. Qd2 Rxe1+ 25. Rxe1 Ba6 26. Re6 Qd8 27. Qf2 Bc8 28. Re1 Qb6 29. Re8+ Kf7 30. Qe2 Qc7 31. Qh5+ Kf6 32. Bxd4# 1-0

[Event "GER-ch Youth U12W 2020"]
[Site "Willingen"]
[Date "2020.10.27"]
[Round "1.17"]
[White "Heuberger, Sandra"]
[Black "Lorenz, Veronika"]
[Result "1/2-1/2"]
[ECO "D32"]
[WhiteElo "1004"]
[BlackElo "1273"]
[Annotator "NA RC"]
[PlyCount "68"]
[EventDate "2020.10.27"]
[EventType "swiss"]
[EventRounds "7"]
[EventCountry "GER"]
[SourceTitle "playchess.com"]
[Source "ChessBase"]
[SourceQuality "1"]
[TimeControl "40/5400+30:1800+30"]

1. d4 d5 2. c4 e6 3. Nf3 c5 4. cxd5 exd5 5. Nc3 Nc6 6. e3 c4 7. Be2 Nf6 8. O-O Bb4 9. a3 Bxc3 10. bxc3 O-O 11. Qd2 Ne4 12. Qe1 b5 13. Bd1 a5 14. Bc2 f5 15. Nd2 Nxc3 16. Bb2 Ne4 17. Nxe4 fxe4 18. Bc3 Rb8 19. Rb1 Qd6 20. Qc1 b4 21. axb4 axb4 22. Be1 b3 23. Bd1 Ba6 24. f3 c3 25. Bg3 Qd7 26. Bxb8 c2 27. Bxc2 bxc2 28. Qxc2 Bxf1 29. Rxf1 Nxb8 30. fxe4 Rxf1+ 31. Kxf1 Qf7+ 32. Kg1 Qg6 33. Qc8+ Kf7 34. Qxb8 Qxe4 1/2-1/2

[Event "GER-ch Youth U12W 2020"]
[Site "Willingen"]
[Date "2020.10.27"]
[Round "1.19"]
[White "Woiteck, Helena"]
[Black "Fock, Madiha"]
[Result "0-1"]
[ECO "D00"]
[WhiteElo "1092"]
[BlackElo "1258"]
[Annotator "NA RC"]
[PlyCount "94"]
[EventDate "2020.10.27"]
[EventType "swiss"]
[EventRounds "7"]
[EventCountry "GER"]
[SourceTitle "playchess.com"]
[Source "ChessBase"]
[SourceQuality "1"]
[TimeControl "40/5400+30:1800+30"]

1. d4 d5 2. Bf4 c5 3. e3 Nc6 4. Nf3 Nf6 5. c4 e6 6. Nc3 cxd4 7. exd4 Qb6 8. Qb3 Bb4 9. c5 Bxc3+ 10. Qxc3 Qb4 11. Qxb4 Nxb4 12. Bb5+ Bd7 13. Bxd7+ Nxd7 14. O-O b6 15. a3 Nc6 16. b4 b5 17. Bd6 f6 18. Rfe1 Kf7 19. Rad1 a5 20. Rb1 axb4 21. axb4 Ra4 22. Rb3 g5 23. Nxg5+ fxg5 24. Rf3+ Kg7 25. h3 Re8 26. Rg3 h6 27. Ree3 Nxd4 28. Re5 Nf5 29. Rb3 Nxd6 30. Re1 Nc4 31. c6 Ndb6 32. c7 e5 33. Rd3 Rxb4 34. c8=Q Rxc8 35. Rc1 Kf6 36. Rf3+ Ke6 37. Kf1 Nd2+ 38. Ke2 Nxf3 39. Rxc8 Nxc8 40. gxf3 Rc4 41. Kd3 b4 42. Kd2 b3 43. Ke1 b2 44. Kf1 b1=Q+ 45. Kg2 Rc1 46. f4 Rg1+ 47. Kf3 Qe4# 0-1

[Event "GER-ch Youth U12W 2020"]
[Site "Willingen"]
[Date "2020.10.27"]
[Round "1.20"]
[White "Petrosyan, Ani"]
[Black "Marrufo, Emilia"]
[Result "1-0"]
[ECO "A06"]
[WhiteElo "1370"]
[BlackElo "788"]
[Annotator "NA RC"]
[PlyCount "115"]
[EventDate "2020.10.27"]
[EventType "swiss"]
[EventRounds "7"]
[EventCountry "GER"]
[SourceTitle "playchess.com"]
[Source "ChessBase"]
[SourceQuality "1"]
[TimeControl "40/5400+30:1800+30"]

1. Nf3 d5 2. e3 Bg4 3. c4 c6 4. Nc3 Nf6 5. cxd5 cxd5 6. Qb3 e6 7. Bb5+ Nc6 8. Ne5 Rc8 9. Qa4 Qd6 10. Nxg4 Nxg4 11. Qxg4 g6 12. b3 Bg7 13. Bb2 O-O 14. h4 h5 15. Qe2 d4 16. Ne4 Qd5 17. Bxc6 Rxc6 18. Qd3 dxe3 19. Qxd5 exd5 20. Bxg7 Kxg7 21. Nc3 exd2+ 22. Kxd2 Rfc8 23. Rac1 d4 24. Nb5 a6 25. Rxc6 Rxc6 26. Nxd4 Rd6 27. Kc3 b5 28. Re1 b4+ 29. Kc4 a5 30. Re5 Ra6 31. Kb5 Rd6 32. Kc4 Ra6 33. Nb5 Rc6+ 34. Rc5 Rxc5+ 35. Kxc5 Kf6 36. Nd4 Ke5 37. g3 f5 38. Nf3+ Ke4 39. Ng5+ Ke5 40. Kb5 f4 41. Kxa5 fxg3 42. fxg3 Kf5 43. Nf3 Kg4 44. Ne5+ Kxg3 45. Nxg6 Kh3 46. Kxb4 Kg4 47. a4 Kf5 48. Ne7+ Kg4 49. Ng8 Kxh4 50. Nf6 Kg5 51. Nxh5 Kxh5 52. a5 Kg4 53. a6 Kf4 54. a7 Ke3 55. a8=Q Kd2 56. Qe4 Kd1 57. Kc3 Kc1 58. Qe1# 1-0

[Event "GER-ch Youth U12W 2020"]
[Site "Willingen"]
[Date "2020.10.28"]
[Round "2.1"]
[White "Braeutigam, Katerina"]
[Black "Reich, Elisabeth"]
[Result "1-0"]
[ECO "B33"]
[WhiteElo "1744"]
[BlackElo "1128"]
[Annotator "NA RC"]
[PlyCount "115"]
[EventDate "2020.10.27"]
[EventType "swiss"]
[EventRounds "7"]
[EventCountry "GER"]
[SourceTitle "playchess.com"]
[Source "ChessBase"]
[SourceQuality "1"]
[TimeControl "40/5400+30:1800+30"]

1. e4 c5 2. Nf3 Nc6 3. d4 cxd4 4. Nxd4 Nf6 5. Nc3 e6 6. Bg5 h6 7. Bh4 g5 8. Bg3 Bb4 9. Ndb5 e5 10. Nd6+ Ke7 11. Nf5+ Kf8 12. Bc4 d5 13. exd5 Nxd5 14. Qxd5 Qxd5 15. Bxd5 Bxf5 16. O-O-O f6 17. Ne4 Bxe4 18. Bxe4 Rd8 19. Bxc6 Rxd1+ 20. Rxd1 bxc6 21. Rd7 a5 22. Rc7 h5 23. Rxc6 Kf7 24. h4 g4 25. Ra6 Rd8 26. c3 Rc8 27. Kd2 Rd8+ 28. Ke2 Rb8 29. cxb4 Rxb4 30. b3 Rb5 31. Kd3 Rc5 32. a3 Kg7 33. Kd2 Kf7 34. b4 axb4 35. axb4 Rb5 36. Kc3 Rb8 37. Kb3 Kg7 38. Ka4 Kf7 39. b5 Kg7 40. Ka5 Kf7 41. b6 Kg6 42. Bxe5 fxe5 43. b7+ Kf5 44. Kb6 Ke4 45. Ra3 Kf4 46. Kc7 Rxb7+ 47. Kxb7 e4 48. Kc6 Kf5 49. Kd5 Kf4 50. Ra6 g3 51. fxg3+ Kxg3 52. Kxe4 Kxh4 53. Ra5 Kg4 54. g3 h4 55. gxh4 Kxh4 56. Kf4 Kh3 57. Ra2 Kh4 58. Rh2# 1-0

[Event "GER-ch Youth U12W 2020"]
[Site "Willingen"]
[Date "2020.10.28"]
[Round "2.2"]
[White "Fock, Madiha"]
[Black "Trunz, Michelle"]
[Result "1/2-1/2"]
[ECO "B23"]
[WhiteElo "1258"]
[BlackElo "1662"]
[Annotator "NA RC"]
[PlyCount "142"]
[EventDate "2020.10.27"]
[EventType "swiss"]
[EventRounds "7"]
[EventCountry "GER"]
[SourceTitle "playchess.com"]
[Source "ChessBase"]
[SourceQuality "1"]
[TimeControl "40/5400+30:1800+30"]

1. e4 c5 2. Nc3 d6 3. f4 g6 4. Nf3 Bg7 5. Bb5+ Bd7 6. Bc4 e6 7. d3 Ne7 8. O-O O-O 9. Qe1 a6 10. f5 b5 11. fxe6 bxc4 12. exd7 cxd3 13. cxd3 Nxd7 14. Bf4 Ne5 15. Qe3 Ng4 16. Qe2 Nc6 17. Nd5 Nge5 18. Be3 Nxf3+ 19. Rxf3 Rb8 20. Rb1 Nb4 21. Nxb4 Rxb4 22. b3 a5 23. Qc2 Qc7 24. Bd2 Rb7 25. Bc3 f6 26. Qd2 Ra7 27. Kh1 a4 28. b4 cxb4 29. Bxb4 Rc8 30. Rff1 Qd7 31. a3 Qe6 32. Rfc1 Rac7 33. Rxc7 Rxc7 34. Rc1 Qc8 35. Rxc7 Qxc7 36. Qc3 Qxc3 37. Bxc3 Kf7 38. Kg1 Ke6 39. Kf2 Bh6 40. Ke2 Bc1 41. Bb4 d5 42. Kf3 d4 43. g4 Ke5 44. h3 g5 45. Bf8 Bb2 46. Bb4 Bc1 47. Bf8 Bd2 48. Bc5 Ba5 49. Bf8 Bb6 50. Bb4 Ke6 51. Bf8 Bc7 52. Bc5 Be5 53. Ke2 Kf7 54. Kf3 Kg6 55. Kf2 h5 56. Kf3 h4 57. Kf2 Kf7 58. Bb4 Ke6 59. Bd2 Bc7 60. Bc1 Bg3+ 61. Ke2 Ke5 62. Kf1 Ke6 63. Ke2 Bd6 64. Kf3 Ke5 65. Ke2 Bc7 66. Bd2 Ke6 67. Kf3 Kd7 68. Ke2 Kc6 69. Kf3 Kb5 70. Ke2 Bd6 71. Bc1 Bc5 1/2-1/2